[Event "December 12 Late 2023"]
[Site "https://www.chess.com"]
[Date "2023.12.12"]
[Round "2"]
[White "Shton, Roman"]
[Black "Lopez Del Alamo, Antonio"]
[Result "1-0"]
[Board "123"]
[TimeControl "180+1"]
[WhiteFideId "14137461"]
[BlackFideId "2227339"]
[WhiteElo "2499"]
[BlackElo "2273"]
[WhiteTeam "UKR"]
[BlackTeam "ESP"]
[WhiteClock "0:00:17"]
[BlackClock "0:00:05"]

1. d4 Nf6 2. Nf3 g6 3. c4 Bg7 4. Nc3 O-O 5. Bg5 c5 6. d5 d6 7. e3 e6 8. Be2 exd5 9. cxd5 a6 10. a4 Nbd7 11. O-O Qa5 12. Nd2 Ne5 13. h3 Re8 14. f4 Ned7 15. Nc4 Qc7 16. e4 Nxe4 17. Nxe4 Rxe4 18. Qc2 f5 19. a5 b5 20. axb6 Nxb6 21. Na5 Bd7 22. Rfd1 h6 23. Bh4 Rxf4 24. Bg3 Rb4 25. Ra2 Na4 26. Nc6 Bxc6 27. dxc6 Qxc6 28. Rxd6 Qe8 29. Bxa6 Bd4+ 30. Kh2 Rxa6 31. Rxa6 Qe3 32. Bf2 Qe5+ 33. Bg3 Qe3 34. Bf2 Qe6 35. Rxe6 1-0

[Event "December 12 Late 2023"]
[Site "https://www.chess.com"]
[Date "2023.12.12"]
[Round "2"]
[White "Mejia, Cherry Ann"]
[Black "Garcia Almaguer, Juan Manuel"]
[Result "1-0"]
[Board "124"]
[TimeControl "180+1"]
[WhiteFideId "5206880"]
[BlackFideId "5110491"]
[WhiteElo "2265"]
[BlackElo "2499"]
[WhiteTeam "PHI"]
[BlackTeam "MEX"]
[WhiteClock "0:00:05"]
[BlackClock "0:00:03"]

1. e4 e5 2. Nf3 Nc6 3. Bb5 a6 4. Ba4 Nge7 5. c3 d5 6. Nxe5 dxe4 7. O-O Be6 8. Qe2 Qd5 9. Nxc6 Nxc6 10. Bb3 Qe5 11. Bxe6 Qxe6 12. Re1 f5 13. d3 O-O-O 14. dxe4 fxe4 15. Nd2 Bd6 16. Qxe4 Qf7 17. Qg4+ Kb8 18. Nf3 h5 19. Qe6 Qf8 20. Bg5 Rc8 21. Rad1 Bf4 22. Bxf4 Qxf4 23. Nd4 Na7 24. Re4 Qg5 25. Nf3 Qb5 26. Rb4 Qa5 27. a3 Rce8 28. Qg6 Rd8 29. Re1 Nc6 30. Qxc6 Qxb4 31. Qxc7+ Kxc7 32. axb4 Rhe8 33. Kf1 Rxe1+ 34. Kxe1 Kc6 35. Nd4+ Kd5 36. Kd2 Rf8 37. f3 g5 38. Ke3 g4 39. f4 Re8+ 40. Kd2 Re4 41. g3 b5 42. b3 Re8 43. Kd3 Rd8 44. c4+ Kd6 45. Ke4 Re8+ 46. Kd3 Re1 47. cxb5 axb5 48. Nxb5+ Kc6 49. Nd4+ Kb6 50. Nf5 Rh1 51. Ng7 Rxh2 52. Ke4 Kb5 53. f5 Kxb4 54. f6 h4 55. gxh4 g3 56. f7 Rf2 57. Nf5 g2 58. f8=Q+ Kxb3 59. Qg8+ Kc2 60. Qg3 Re2+ 61. Ne3+ Kd2 62. Kf5 Kd3 63. Qf3 g1=Q 64. Qd5+ Kc3 65. Qc5+ Kd2 66. Nc4+ Ke1 67. Qxg1# 1-0

[Event "December 12 Late 2023"]
[Site "https://www.chess.com"]
[Date "2023.12.12"]
[Round "2"]
[White "Herman, Matthew"]
[Black "Minina, Veronika"]
[Result "1-0"]
[Board "125"]
[TimeControl "180+1"]
[WhiteFideId "2028964"]
[BlackFideId "4174780"]
[WhiteElo "2498"]
[BlackElo "2257"]
[WhiteTeam "USA"]
[BlackTeam "RUS"]
[WhiteClock "0:00:08"]
[BlackClock "0:00:12"]

1. e4 c5 2. Nf3 Nc6 3. Bb5 e6 4. O-O Nge7 5. c3 a6 6. Ba4 b5 7. Bc2 d5 8. d4 g6 9. dxc5 Bg7 10. Bf4 O-O 11. Bd6 dxe4 12. Bxe4 Bb7 13. Nbd2 Re8 14. Nb3 Nf5 15. Bxf5 exf5 16. Qd2 Qf6 17. Rfe1 Red8 18. Qf4 b4 19. Nfd4 bxc3 20. bxc3 a5 21. a4 Re8 22. h4 h6 23. Re3 Rxe3 24. fxe3 Ne7 25. Re1 Nd5 26. Qg3 Nxc3 27. c6 Bc8 28. Nc5 Ne4 29. Nxe4 fxe4 30. Rf1 Qd8 31. h5 g5 32. Be5 Bxe5 33. Qxe5 Bg4 34. Rf6 Bxh5 35. Rxh6 Bg6 36. Rh8# 1-0

[Event "December 12 Late 2023"]
[Site "https://www.chess.com"]
[Date "2023.12.12"]
[Round "2"]
[White "Golubenko, Valentina"]
[Black "Kraiouchkine, Nikita"]
[Result "1-0"]
[Board "126"]
[TimeControl "180+1"]
[WhiteFideId "4501993"]
[BlackFideId "2607140"]
[WhiteElo "2257"]
[BlackElo "2497"]
[WhiteTeam "CRO"]
[BlackTeam "CAN"]
[WhiteClock "0:00:20"]
[BlackClock "0:00:02"]

1. e4 e5 2. Nf3 Nc6 3. c3 d5 4. exd5 Qxd5 5. d3 Bf5 6. c4 Qd7 7. Nc3 O-O-O 8. Nd5 Nge7 9. Nh4 Nxd5 10. Nxf5 Qxf5 11. cxd5 Rxd5 12. Be2 Kb8 13. O-O Nd4 14. Bg4 Qg6 15. f4 Bc5 16. Kh1 h5 17. Be2 e4 18. dxe4 Qxe4 19. Bd3 Qe7 20. Bd2 Rhd8 21. Bc4 R5d6 22. Bc3 g6 23. Qe1 Qxe1 24. Raxe1 Nc6 25. Bxf7 Rf8 26. Bb3 b5 27. Bg7 Rfd8 28. f5 g5 29. f6 Bd4 30. Rf5 Ne5 31. f7 Nxf7 32. Rxf7 Bxg7 33. Rxg7 c5 34. Rxg5 Rc6 35. Rxh5 Kc7 36. Bd5 Rcd6 37. Bf3 Kb6 38. Rhe5 Rd2 39. Re6+ Ka5 40. Re7 a6 41. R7e5 Kb4 42. R5e2 Rxe2 43. Bxe2 Rd2 44. Bf3 Rxb2 45. h4 c4 46. h5 Rxa2 47. h6 Rd2 48. h7 Rd8 49. Bd5 Rh8 50. Bg8 Kc3 51. g4 Kd2 52. Re6 c3 53. g5 c2 54. Rc6 c1=Q+ 55. Rxc1 Kxc1 56. g6 b4 57. g7 Rxh7+ 58. Bxh7 b3 59. g8=Q 1-0

[Event "December 12 Late 2023"]
[Site "https://www.chess.com"]
[Date "2023.12.12"]
[Round "2"]
[White "Yashmetov, Mikhail"]
[Black "Dong, Kyle Qiyu"]
[Result "0-1"]
[Board "127"]
[TimeControl "180+1"]
[WhiteFideId "24198900"]
[BlackFideId "30977380"]
[WhiteElo "2491"]
[BlackElo "2255"]
[WhiteTeam "RUS"]
[BlackTeam "USA"]
[WhiteClock "0:00:23"]
[BlackClock "0:00:19"]

1. Nf3 c5 2. b3 Nc6 3. Bb2 d6 4. g3 Nf6 5. Bg2 g6 6. O-O Bg7 7. c4 O-O 8. d3 Re8 9. Nbd2 e5 10. e4 h6 11. Re1 Kh7 12. Nf1 Ng8 13. Ne3 f5 14. Nh4 f4 15. Nd5 Be6 16. Nxg6 Kxg6 17. gxf4 Kh7 18. f5 Bf7 19. f4 Nf6 20. fxe5 dxe5 21. Kh1 Nd4 22. Bxd4 cxd4 23. Rg1 Rg8 24. Qe2 Nxd5 25. exd5 Bf6 26. Be4 Qe7 27. Qf3 Raf8 28. Rac1 Qe8 29. c5 Bh5 30. Qh3 Kh8 31. c6 bxc6 32. dxc6 Bg5 33. Rc5 Be3 34. Rf1 Rg5 35. Qh4 Rfg8 36. h3 Qe7 37. Rc2 Rg1+ 38. Rxg1 Rxg1+ 39. Kh2 Qxh4 40. Rg2 Qf4+ 41. Rg3 Qxg3# 0-1

[Event "December 12 Late 2023"]
[Site "https://www.chess.com"]
[Date "2023.12.12"]
[Round "2"]
[White "Kovalevsky, Stanislav"]
[Black "youngdinousaur"]
[Result "1-0"]
[Board "128"]
[TimeControl "180+1"]
[WhiteFideId "13508598"]
[WhiteElo "2486"]
[BlackElo "2249"]
[WhiteTeam "FID"]
[WhiteClock "0:00:10"]
[BlackClock "0:00:31"]

1. e4 c5 2. c3 g6 3. d4 cxd4 4. cxd4 d5 5. e5 Bg7 6. f4 Nc6 7. Nc3 Nh6 8. Nf3 Bg4 9. Be2 O-O 10. O-O e6 11. Be3 f6 12. h3 Bxf3 13. Bxf3 fxe5 14. fxe5 Nf5 15. Bf2 Qb6 16. Na4 Qb4 17. a3 Qe7 18. Rc1 Rac8 19. b4 b6 20. Qd3 Nh4 21. Bg4 Nf5 22. Rc2 Rc7 23. Rfc1 Rfc8 24. Qb5 Ncxd4 25. Rxc7 Nxb5 26. Rxc8+ Kf7 27. Be2 Qd7 28. Bxb5 Qxb5 29. R1c7+ Ne7 30. Bh4 Bf8 31. Rxf8+ Kxf8 32. Bxe7+ Ke8 33. Rxa7 Qe2 34. Bd6 b5 35. Nc5 Qe1+ 36. Kh2 Qc1 37. Nxe6 d4 38. Re7# 1-0

[Event "December 12 Late 2023"]
[Site "https://www.chess.com"]
[Date "2023.12.12"]
[Round "2"]
[White "Erece, Ece Alkim"]
[Black "Rangel, Daniel"]
[Result "0-1"]
[Board "129"]
[TimeControl "180+1"]
[WhiteFideId "6346006"]
[BlackFideId "2124475"]
[WhiteElo "2240"]
[BlackElo "2484"]
[WhiteTeam "TUR"]
[BlackTeam "BRA"]
[WhiteClock "0:00:15"]
[BlackClock "0:00:04"]

1. e4 e5 2. Nf3 Nc6 3. Nc3 Bb4 4. Bb5 Bxc3 5. bxc3 d6 6. O-O Bd7 7. Rb1 Nf6 8. Re1 O-O 9. d4 Re8 10. Bxc6 Bxc6 11. d5 Bd7 12. Rxb7 Qc8 13. Rb1 Qa6 14. Bg5 Nh5 15. Nh4 g6 16. g4 Nf4 17. Bxf4 exf4 18. Ng2 g5 19. Qd4 Re5 20. h4 h6 21. hxg5 hxg5 22. f3 Qxa2 23. Rb7 Rc8 24. Reb1 Qxc2 25. Rb8 Kg7 26. R1b7 Qc1+ 27. Kh2 Qf1 28. Rxc8 Bxc8 29. Rxc7 Qxf3 30. Rxc8 Qg3+ 31. Kg1 f3 32. Qf2 Qxg4 33. Ra8 Rxe4 34. Kh2 Re2 35. Qd4+ Qxd4 36. cxd4 Rxg2+ 37. Kh1 g4 38. Rxa7 g3 39. Ra3 Rh2+ 40. Kg1 f2+ 41. Kf1 Rh1+ 42. Kg2 f1=Q+ 43. Kxg3 Rg1+ 44. Kh4 Qf4+ 45. Kh3 Qh6# 0-1

[Event "December 12 Late 2023"]
[Site "https://www.chess.com"]
[Date "2023.12.12"]
[Round "2"]
[White "Gasparyan, David"]
[Black "Gao, Raymond"]
[Result "1-0"]
[Board "130"]
[TimeControl "180+1"]
[WhiteFideId "13311980"]
[BlackFideId "2629429"]
[WhiteElo "2483"]
[BlackElo "2239"]
[WhiteTeam "USA"]
[BlackTeam "CAN"]
[WhiteClock "0:01:54"]
[BlackClock "0:00:29"]

1. Nf3 Nf6 2. g3 g6 3. Bg2 Bg7 4. O-O O-O 5. c4 c6 6. Nc3 d5 7. cxd5 cxd5 8. d4 Nc6 9. Bf4 a6 10. Ne5 Bf5 11. Nxc6 bxc6 12. Na4 Nd7 13. Rc1 e5 14. dxe5 Nxe5 15. Bxe5 Bxe5 16. Rxc6 Qa5 17. Rc5 Qb4 18. a3 Qd4 19. Qxd4 Bxd4 20. Rxd5 Rad8 21. e3 Bf6 22. b4 Rxd5 23. Bxd5 Rd8 24. Bb7 Bh3 25. Rc1 Bd7 26. Nc5 Bb5 27. Bxa6 Bxa6 28. Nxa6 Bb2 29. Rb1 Bxa3 30. b5 Ra8 31. Nc7 Rb8 32. b6 Bc5 33. b7 Bd6 34. Na6 1-0

[Event "December 12 Late 2023"]
[Site "https://www.chess.com"]
[Date "2023.12.12"]
[Round "2"]
[White "Cervantes Landeiro, Thalia"]
[Black "Cueto, Jonny"]
[Result "1-0"]
[Board "131"]
[TimeControl "180+1"]
[WhiteFideId "3520498"]
[BlackFideId "3300145"]
[WhiteElo "2478"]
[BlackElo "2226"]
[WhiteTeam "USA"]
[BlackTeam "BOL"]
[WhiteClock "0:01:01"]
[BlackClock "0:00:01"]

1. d4 Nf6 2. c4 d6 3. Nc3 e5 4. d5 Bf5 5. f3 e4 6. e3 Qe7 7. Nge2 exf3 8. gxf3 g6 9. Ng3 Bd7 10. e4 h5 11. h4 Na6 12. Bg5 Bg7 13. Be2 Qe5 14. f4 Qe7 15. Rf1 Bh6 16. Qd4 O-O-O 17. Bxf6 Qe8 18. Bxh8 Nb4 19. Qxa7 Bh3 20. Bf6 Bxf1 21. Kxf1 Na6 22. c5 Qd7 23. Bxa6 Qh3+ 24. Kf2 Qh2+ 25. Kf3 bxa6 26. Qa8+ Kd7 27. Qxd8# 1-0

[Event "December 12 Late 2023"]
[Site "https://www.chess.com"]
[Date "2023.12.12"]
[Round "2"]
[White "Novikova, Galina"]
[Black "Fernandez Hernandez, Gerardo"]
[Result "1-0"]
[Board "132"]
[TimeControl "180+1"]
[WhiteFideId "4157095"]
[BlackFideId "2207400"]
[WhiteElo "2475"]
[BlackElo "2225"]
[WhiteTeam "RUS"]
[BlackTeam "ESP"]
[WhiteClock "0:00:20"]
[BlackClock "0:00:00"]

1. e4 e6 2. Nf3 d5 3. e5 c5 4. b4 cxb4 5. a3 Nc6 6. axb4 Bxb4 7. c3 Be7 8. d4 a6 9. Bd3 Bd7 10. O-O b5 11. Ne1 Na5 12. Qg4 Bf8 13. Bg5 Ne7 14. Nd2 Qc7 15. Rc1 Nc4 16. Nb3 Nf5 17. Qf3 h6 18. Bf4 g5 19. Be3 Ba3 20. Rc2 Nfxe3 21. fxe3 Rf8 22. Bxc4 bxc4 23. Nd2 Be7 24. Qh5 Ba4 25. Rc1 Ba3 26. Ra1 Qe7 27. Nb1 Bc1 28. Rxa4 Rb8 29. Ra1 Bxe3+ 30. Kh1 Rb2 31. Rxa6 Qb7 32. Rxe6+ Kd7 33. Rd6+ Kc8 34. Qh3+ Kb8 35. Qxe3 Rxb1 36. Qf2 Rb2 37. Qf6 Qc7 38. Nf3 Rb3 39. Rc6 Qb7 40. Qd6+ Ka8 41. Ra1+ 1-0

[Event "December 12 Late 2023"]
[Site "https://www.chess.com"]
[Date "2023.12.12"]
[Round "2"]
[White "CarlMagnuson"]
[Black "Gutierrez Olivares, Daniel"]
[Result "0-1"]
[Board "133"]
[TimeControl "180+1"]
[BlackFideId "2264005"]
[WhiteElo "2223"]
[BlackElo "2474"]
[BlackTeam "ESP"]
[WhiteClock "0:01:53"]
[BlackClock "0:02:14"]

1. e4 e6 2. d4 d5 3. e5 c5 4. c3 Nc6 5. Nf3 Bd7 6. a3 c4 7. Be2 Nge7 8. O-O Qc7 9. Nbd2 Na5 10. Qe1 Nc8 11. Bd1 Be7 12. h3 Nb6 13. Nh2 O-O-O 14. f4 f5 15. exf6 gxf6 16. Bg4 f5 17. Bh5 Bd6 18. Qe3 Rdf8 19. Nhf3 Bxf4 20. Qe2 Nc6 21. Ne5 Bxe5 22. dxe5 Qxe5 23. Qxe5 Nxe5 24. Nf3 Nd3 25. Be3 Nxb2 26. Bd4 Rhg8 27. Ne5 Nd3 28. Rab1 Nxe5 29. Bxe5 Ba4 30. Rb2 Bb3 31. Re1 Kd7 32. Bd4 Na4 33. Rbe2 Re8 34. Kf2 b6 35. Bf3 Nc5 36. Bxc5 bxc5 37. Re5 Kd6 38. Bh5 Re7 39. Bf3 Rgg7 40. Bh5 Bc2 41. Bf3 Be4 0-1

[Event "December 12 Late 2023"]
[Site "https://www.chess.com"]
[Date "2023.12.12"]
[Round "2"]
[White "Wang, Alexander J"]
[Black "yaguigor"]
[Result "0-1"]
[Board "134"]
[TimeControl "180+1"]
[WhiteFideId "30955270"]
[WhiteElo "2215"]
[BlackElo "2469"]
[WhiteTeam "USA"]
[WhiteClock "0:00:55"]
[BlackClock "0:01:33"]

1. e4 c5 2. Nf3 Nc6 3. d4 cxd4 4. Nxd4 Nf6 5. Nc3 e5 6. Nde2 Bc5 7. Ng3 d6 8. Bb5 Ng4 9. O-O Qh4 10. h3 Nxf2 11. Rxf2 Qxg3 12. Qf3 Bxf2+ 13. Qxf2 Qxf2+ 14. Kxf2 Be6 15. Nd5 Rc8 16. Be3 a6 17. Ba4 f5 18. Nb6 Rc7 19. Nd5 Rf7 20. Ke2 fxe4 21. Nb4 Bd7 22. Nxc6 Bxc6 23. Bxc6+ bxc6 24. Rf1 Rxf1 25. Kxf1 Rf8+ 0-1

[Event "December 12 Late 2023"]
[Site "https://www.chess.com"]
[Date "2023.12.12"]
[Round "2"]
[White "Bogaudinov, Rushan"]
[Black "Floresvillar Gonzalez, Luis Migu"]
[Result "1-0"]
[Board "135"]
[TimeControl "180+1"]
[WhiteFideId "4129288"]
[BlackFideId "5100542"]
[WhiteElo "2468"]
[BlackElo "2210"]
[WhiteTeam "RUS"]
[BlackTeam "MEX"]
[WhiteClock "0:00:51"]
[BlackClock "0:00:00"]

1. e4 c6 2. d4 d5 3. e5 c5 4. dxc5 Nc6 5. Nf3 Bg4 6. Bb5 e6 7. Be3 a6 8. Ba4 Qa5+ 9. Nc3 Bxc5 10. Bxc5 Qxc5 11. Qd4 Qxd4 12. Nxd4 Ne7 13. h3 Bh5 14. Bxc6+ Nxc6 15. Nxc6 bxc6 16. Na4 O-O 17. b3 Bg6 18. Kd2 f6 19. exf6 Rxf6 20. f3 e5 21. Nc5 e4 22. Rhf1 Rd8 23. Nxa6 exf3 24. Rxf3 Rxf3 25. gxf3 Bh5 26. Rf1 Re8 27. a4 Rf8 28. Nc5 g5 29. a5 h6 30. a6 Ra8 31. Ke3 Bg6 32. c3 Ra7 33. b4 Kf7 34. f4 gxf4+ 35. Rxf4+ Ke7 36. Kd4 Be4 37. Rh4 Kd6 38. Rxh6+ Kc7 39. h4 Kb6 40. Rd6 Bf3 41. Rf6 Bg4 42. Rf4 Be2 43. Rf2 Bxa6 44. Ra2 Bc8 45. Rxa7 Kxa7 46. h5 Bf5 47. Ke5 Bh7 48. h6 Kb6 49. Nd7+ Kb5 50. Kd4 1-0

[Event "December 12 Late 2023"]
[Site "https://www.chess.com"]
[Date "2023.12.12"]
[Round "2"]
[White "Nadeev, Sergey"]
[Black "Curtis, John"]
[Result "1-0"]
[Board "136"]
[TimeControl "180+1"]
[WhiteFideId "4180038"]
[BlackFideId "3200256"]
[WhiteElo "2467"]
[BlackElo "2202"]
[WhiteTeam "RUS"]
[BlackTeam "AUS"]
[WhiteClock "0:00:57"]
[BlackClock "0:00:09"]

1. e4 e6 2. d4 d5 3. Nc3 Bb4 4. e5 c5 5. a3 Ba5 6. b4 cxd4 7. Nb5 Bc7 8. f4 Bd7 9. Nxc7+ Qxc7 10. Nf3 Nc6 11. Bb2 Nge7 12. Bd3 Nf5 13. Qd2 f6 14. Bxf5 exf5 15. exf6 O-O 16. O-O Rxf6 17. Bxd4 Nxd4 18. Nxd4 Rc8 19. Rf3 Re8 20. Re1 Rxe1+ 21. Qxe1 Qb6 22. Qe5 Qd6 23. Rc3 Kf7 24. Rc7 Kg6 25. Qxd6 Rxd6 26. Rxb7 a6 27. Nf3 Ba4 28. Ne5+ Kf6 29. c3 g5 30. Nf7 Rc6 31. fxg5+ Ke6 32. Nd8+ Kd6 33. Nxc6 1-0

[Event "December 12 Late 2023"]
[Site "https://www.chess.com"]
[Date "2023.12.12"]
[Round "2"]
[White "Medeiros Jr, Francisco De Assis"]
[Black "Manfroi, Alexander Giannini"]
[Result "1-0"]
[Board "137"]
[TimeControl "180+1"]
[WhiteFideId "2114267"]
[BlackFideId "22739335"]
[WhiteElo "2467"]
[BlackElo "2200"]
[WhiteTeam "BRA"]
[BlackTeam "BRA"]
[WhiteClock "0:01:25"]
[BlackClock "0:00:13"]

1. e4 e5 2. Nf3 Nc6 3. Bc4 Nf6 4. d3 Bc5 5. O-O d6 6. c3 Bg4 7. Nbd2 a6 8. h3 Be6 9. Bxe6 fxe6 10. Re1 O-O 11. b4 Ba7 12. a4 d5 13. b5 axb5 14. Ba3 dxe4 15. Bxf8 exf3 16. axb5 Bxf2+ 17. Kxf2 Rxa1 18. Qxa1 Qxd3 19. Nxf3 Nd8 20. Be7 Ne4+ 21. Rxe4 Qxe4 22. Bxd8 Qc2+ 23. Kg1 e4 24. Ne1 Qd2 25. Bxc7 Qe3+ 26. Kh2 Qf2 27. Bg3 Qf5 28. Qa8+ Kf7 29. Qxb7+ Kg6 30. Qc6 h5 31. Qe8+ Kh6 32. Qe7 g5 33. Bd6 g4 34. Qf8+ Qxf8 35. Bxf8+ Kg5 36. h4+ Kxh4 37. Be7# 1-0

[Event "December 12 Late 2023"]
[Site "https://www.chess.com"]
[Date "2023.12.12"]
[Round "2"]
[White "Flash_BJ"]
[Black "Serban, Cristian-Stefan"]
[Result "1/2-1/2"]
[Board "138"]
[TimeControl "180+1"]
[BlackFideId "1241443"]
[WhiteElo "2188"]
[BlackElo "2467"]
[BlackTeam "ROU"]
[WhiteClock "0:00:38"]
[BlackClock "0:00:42"]

1. g3 Nf6 2. Bg2 c5 3. Nf3 Nc6 4. O-O d5 5. d3 e6 6. Nbd2 Be7 7. e4 O-O 8. Re1 b5 9. e5 Nd7 10. Qe2 a5 11. Nf1 Ba6 12. h4 c4 13. d4 b4 14. c3 a4 15. a3 bxc3 16. bxc3 Na5 17. Bg5 h6 18. Bxe7 Qxe7 19. Reb1 Rfb8 20. Rb4 Nc6 21. Rxb8+ Rxb8 22. N3d2 Na5 23. Ne3 Nb3 24. Nxb3 Rxb3 25. Bxd5 exd5 26. Nxd5 Qe6 27. Nc7 Qc6 28. Nxa6 Qxa6 29. d5 Nf8 30. Qe3 Qa5 31. e6 Rxc3 32. Qe1 fxe6 33. dxe6 Nxe6 34. Qxe6+ Kh7 35. Qe4+ Kg8 36. Qe8+ Kh7 37. Qe4+ Kg8 38. Qe8+ Kh7 39. Qe4+ 1/2-1/2

[Event "December 12 Late 2023"]
[Site "https://www.chess.com"]
[Date "2023.12.12"]
[Round "2"]
[White "Brown, Raehanna"]
[Black "Baches Garcia, Guillermo"]
[Result "0-1"]
[Board "139"]
[TimeControl "180+1"]
[WhiteFideId "7402740"]
[BlackFideId "2209764"]
[WhiteElo "2179"]
[BlackElo "2466"]
[WhiteTeam "JAM"]
[BlackTeam "ESP"]
[WhiteClock "0:00:10"]
[BlackClock "0:00:44"]

1. c4 e6 2. Nc3 d5 3. cxd5 exd5 4. d4 a6 5. Bf4 Nf6 6. e3 c5 7. Nf3 c4 8. Be2 b5 9. a3 Be7 10. O-O O-O 11. b3 Bb7 12. Qb1 Qa5 13. Rc1 Rc8 14. Ne5 cxb3 15. Qxb3 Nc6 16. Nxd5 Nxd5 17. Qxd5 Nd8 18. Qd7 Bf8 19. Rxc8 Rxc8 20. Qe8 Qd2 21. Nd7 Ne6 0-1

[Event "December 12 Late 2023"]
[Site "https://www.chess.com"]
[Date "2023.12.12"]
[Round "2"]
[White "Serra Canals, Oriol"]
[Black "Nadera, Barlo A."]
[Result "1-0"]
[Board "140"]
[TimeControl "180+1"]
[WhiteFideId "22276084"]
[BlackFideId "5200598"]
[WhiteElo "2463"]
[BlackElo "2171"]
[WhiteTeam "ESP"]
[BlackTeam "PHI"]
[WhiteClock "0:00:39"]
[BlackClock "0:00:15"]

1. d4 d5 2. c4 e6 3. Nc3 Nf6 4. Nf3 c6 5. e3 Nbd7 6. Qc2 b6 7. b3 Bb7 8. Bb2 Be7 9. Be2 O-O 10. O-O Rc8 11. e4 h6 12. e5 Ne8 13. Rad1 Nc7 14. Ne1 f5 15. f4 Qe8 16. Nf3 g5 17. fxg5 hxg5 18. Bc1 g4 19. Ng5 Qg6 20. h4 gxh3 21. Nxh3 c5 22. Nf4 Qf7 23. Bh5 Qh7 24. cxd5 Nxd5 25. Ncxd5 exd5 26. Qf2 cxd4 27. Qg3+ Qg7 28. Qxg7+ Kxg7 29. Ne6+ Kh7 30. Nxf8+ Rxf8 31. e6 Nc5 32. Bf7 Ne4 33. Rxf5 Kg7 34. Rh5 Rc8 35. Bh6+ Kh7 36. Bf8# 1-0

[Event "December 12 Late 2023"]
[Site "https://www.chess.com"]
[Date "2023.12.12"]
[Round "2"]
[White "Jing, Andrew"]
[Black "Suarez Uriel, Adrian"]
[Result "1-0"]
[Board "141"]
[TimeControl "180+1"]
[WhiteFideId "30984076"]
[BlackFideId "22230874"]
[WhiteElo "2171"]
[BlackElo "2459"]
[WhiteTeam "USA"]
[BlackTeam "ESP"]
[WhiteClock "0:01:57"]
[BlackClock "0:00:51"]

1. d4 Nf6 2. c4 b6 3. Nf3 Bb7 4. g3 g6 5. Bg2 Bg7 6. O-O O-O 7. Nc3 Ne4 8. Qc2 Nxc3 9. bxc3 c5 10. d5 d6 11. e4 Nd7 12. Be3 Nf6 13. Nd2 Ng4 14. Bf4 e5 15. Be3 Nxe3 16. fxe3 Bh6 17. Qd3 Qg5 18. Rae1 Bc8 19. Nf3 Qe7 20. Nh4 Bd7 21. Re2 a6 22. Ref2 b5 23. cxb5 axb5 24. Qe2 Ra4 25. Bf3 Bh3 26. Qxb5 Qa7 27. Re1 Rxa2 28. Qc6 Rxf2 29. Kxf2 Qb8 30. Re2 Rc8 31. Qa4 Qb7 32. Bg2 Bd7 33. Qc2 Rb8 34. c4 Qb4 35. Bf3 Qa3 36. Ng2 Rb3 37. Qa2 Bxe3+ 38. Nxe3 Rxe3 39. Qxa3 Rxa3 40. Rb2 Kf8 41. Rb6 Ke7 42. Rb7 h5 43. h4 Rc3 44. Be2 Kd8 45. Rb8+ Bc8 46. Rb6 Kc7 47. Rc6+ Kd7 48. Bf1 Bb7 49. Bh3+ f5 50. exf5 Bxc6 51. fxg6+ Ke7 52. dxc6 Ra3 53. c7 Ra8 54. c8=Q Rxc8 55. Bxc8 Kf6 56. Bf5 d5 57. cxd5 c4 58. Be4 1-0

[Event "December 12 Late 2023"]
[Site "https://www.chess.com"]
[Date "2023.12.12"]
[Round "2"]
[White "Michalski, Olaf"]
[Black "Mazurkiewicz, Michal"]
[Result "0-1"]
[Board "142"]
[TimeControl "180+1"]
[WhiteFideId "1106740"]
[BlackFideId "1124943"]
[WhiteElo "2170"]
[BlackElo "2458"]
[WhiteTeam "POL"]
[BlackTeam "POL"]
[WhiteClock "0:00:00"]
[BlackClock "0:00:25"]

1. d4 e5 2. dxe5 Nc6 3. Nf3 Bc5 4. Bf4 Nge7 5. e3 Ng6 6. Bg3 Qe7 7. Qd5 O-O 8. Bd3 Nb4 9. Qb3 Nxd3+ 10. cxd3 a5 11. O-O a4 12. Qc2 b5 13. Nc3 c6 14. Ne4 Bb6 15. Nd6 Ba6 16. h4 Bc7 17. d4 h5 18. Ng5 b4 19. Rfe1 Bxd6 20. exd6 Qf6 21. e4 Qxd4 22. Rad1 Qc4 23. Qb1 b3 24. axb3 axb3 25. e5 Qc2 26. Qc1 Qxc1 27. Rxc1 Bd3 28. Re3 Bc2 29. f4 Rfb8 30. Rf1 Bf5 31. Ne4 Ra2 32. Rf2 Rb4 33. Nc5 Bc2 34. f5 Nxh4 35. Bxh4 Rxh4 36. e6 fxe6 37. fxe6 dxe6 38. d7 Ra1+ 39. Rf1 Rxf1+ 0-1

[Event "December 12 Late 2023"]
[Site "https://www.chess.com"]
[Date "2023.12.12"]
[Round "2"]
[White "Arnold, Ken"]
[Black "Tarnowska, Aleksandra"]
[Result "1-0"]
[Board "143"]
[TimeControl "180+1"]
[WhiteFideId "2056836"]
[BlackFideId "1180967"]
[WhiteElo "2457"]
[BlackElo "2162"]
[WhiteTeam "USA"]
[BlackTeam "POL"]
[WhiteClock "0:00:29"]
[BlackClock "0:00:02"]

1. d4 d5 2. c4 e6 3. cxd5 exd5 4. Nf3 Nf6 5. Nc3 Be7 6. Bg5 O-O 7. e3 h6 8. Bh4 b6 9. Bd3 Bb7 10. O-O Nbd7 11. Rc1 Rc8 12. Qe2 c5 13. Ba6 Bxa6 14. Qxa6 Ra8 15. Rfd1 c4 16. b3 Qc8 17. Qa4 cxb3 18. Qxb3 Qb7 19. Ne5 Rfd8 20. Bg3 Rac8 21. h3 Nxe5 22. Bxe5 Rc6 23. Bxf6 Rxf6 24. Nb5 Rc6 25. Rxc6 Qxc6 26. Nxa7 Qg6 27. Nb5 Bh4 28. Qd3 Qf6 29. Qe2 h5 30. g3 Bg5 31. Kg2 g6 32. h4 Bh6 33. Qf3 Qe6 34. Rc1 Qd7 35. a4 Rc8 36. Rxc8+ Qxc8 37. Qxd5 Qc1 38. Nd6 Qc7 39. Qe5 Bg7 40. Qe8+ Kh7 41. Nxf7 Qb7+ 42. Kg1 Qc7 43. Ng5+ Kh6 44. Qg8 Qc1+ 45. Kg2 Qc6+ 46. d5 Qb7 47. Qh7# 1-0

[Event "December 12 Late 2023"]
[Site "https://www.chess.com"]
[Date "2023.12.12"]
[Round "2"]
[White "Demina, Marya"]
[Black "Nilsson, Joakim"]
[Result "1/2-1/2"]
[Board "144"]
[TimeControl "180+1"]
[WhiteFideId "4195671"]
[BlackFideId "1723383"]
[WhiteElo "2137"]
[BlackElo "2457"]
[WhiteTeam "RUS"]
[BlackTeam "SWE"]
[WhiteClock "0:01:36"]
[BlackClock "0:01:55"]

1. d4 e6 2. Nf3 f5 3. Bg5 Nf6 4. e3 b6 5. c3 Bb7 6. Nbd2 Be7 7. Bd3 O-O 8. Qe2 Ne4 9. Bxe7 Qxe7 10. g4 Nxd2 11. Nxd2 Bxh1 12. O-O-O Bb7 13. gxf5 exf5 14. Rg1 Nc6 15. Nf3 Rae8 16. Ng5 Rf6 17. Bc4+ Kh8 18. Qh5 g6 19. Qh4 Na5 20. Nxh7 Qxh7 21. Qxf6+ Qg7 22. Qh4+ Qh7 23. Qf6+ Qg7 24. Qh4+ Qh7 25. Qf6+ 1/2-1/2

[Event "December 12 Late 2023"]
[Site "https://www.chess.com"]
[Date "2023.12.12"]
[Round "2"]
[White "ogpin"]
[Black "Dmitrenko, Viktor"]
[Result "0-1"]
[Board "145"]
[TimeControl "180+1"]
[BlackFideId "14110270"]
[WhiteElo "2134"]
[BlackElo "2455"]
[BlackTeam "UKR"]
[WhiteClock "0:00:00"]
[BlackClock "0:00:06"]

1. e4 e6 2. d4 d5 3. e5 c5 4. c3 Nc6 5. Nf3 Bd7 6. Bd3 Rc8 7. O-O cxd4 8. Re1 a6 9. a3 dxc3 10. Nxc3 Na5 11. Bg5 Be7 12. Be3 Nc4 13. Bxc4 Rxc4 14. Qb3 b5 15. Rad1 Qc8 16. Nd2 d4 17. Nxc4 bxc4 18. Qb6 dxe3 19. Ne4 exf2+ 20. Kxf2 Nh6 21. Qa7 Ng4+ 22. Kg1 Nxe5 23. Nd6+ Bxd6 24. Rxd6 Nd3 25. Re4 Ke7 26. Red4 Rd8 27. Qb6 Ne5 28. Qb4 Ke8 29. Qe1 f6 30. Qh4 Qc5 31. Qh5+ Ke7 32. Qxh7 Qxd6 33. Rxd6 Kxd6 34. Qxg7 f5 35. h4 Rc8 36. h5 Rb8 37. h6 Rxb2 38. h7 Rb1+ 39. Kh2 Ng4+ 40. Qxg4 fxg4 41. h8=Q e5 42. Qf6+ Be6 43. Qd8+ Bd7 44. Qf6+ Be6 45. Qd8+ Bd7 46. Qf8+ Kd5 47. Qf7+ Be6 48. Qg6 Rb3 49. Qc2 g3+ 50. Kg1 Rd3 51. Kf1 Bg4 52. Ke1 Rd1+ 53. Qxd1+ Bxd1 54. Kxd1 Kd4 55. Kd2 c3+ 56. Kc2 Kc4 57. a4 a5 58. Kd1 e4 59. Ke2 c2 60. Ke3 Kc3 61. Kxe4 c1=Q 62. Kf3 Qe1 63. Kg4 Qf2 64. Kh3 Kb4 65. Kg4 Qxg2 66. Kf4 Qf2+ 67. Ke5 g2 0-1